 Dungeon Crawl Stone Soup version 0.22-a0-44-geb883ae (webtiles) character file.

417 KristoblXynda the Cudgeler (level 6, -2/63 HPs)
             Began as an Ogre Gladiator on Jan 6, 2018.
             Slain by an orc
             ... wielding a +0 falchion
              (4 damage)
             ... on level 3 of the Dungeon.
             The game lasted 00:06:46 (3515 turns).

KristoblXynda the Cudgeler (Ogre Gladiator)         Turns: 3515, Time: 00:06:46

Health: -2/63      AC:  4    Str: 19    XL:     6   Next: 92%
Magic:  6/6        EV: 10    Int: 11    God:
Gold:   65         SH:  0    Dex: 10    Spells: 5/5 levels left

rFire    . . .     SeeInvis .   a - +0 flail
rCold    . . .     Gourm    .   (no shield)
rNeg     . . .     Faith    .   b - +0 robe
rPois    .         Spirit   .   c - +1 hat
rElec    .         Reflect  .   (no cloak)
rCorr    .         Harm     .   (gloves unavailable)
MR       .....                  (boots unavailable)
Stlth    +.........             (no amulet)
HPRegen  0.20/turn              m - ring of flight
MPRegen  0.10/turn              (no ring)

@: flying
A: large, unfitting armour, tough skin 1
a: no special abilities


You were on level 3 of the Dungeon.
You were not hungry.

You visited 1 branch of the dungeon, and saw 3 of its levels.

You collected 65 gold pieces.

Inventory:

Hand Weapons
 a - a +0 flail (weapon)
Missiles
 d - 2 throwing nets (quivered)
Armour
 b - a +0 robe (worn)
 c - a +1 hat (worn)
Jewellery
 m - a ring of flight (left hand)
 t - an uncursed amulet of faith
Wands
 q - a wand of scattershot (4)
Scrolls
 h - 3 scrolls of enchant armour
 i - 4 scrolls of amnesia
 j - a scroll of enchant weapon {unknown}
 l - a scroll of identify {unknown}
 n - a scroll of remove curse
 p - a scroll of teleportation {unknown}
 s - a scroll of fear {unknown}
Comestibles
 f - 4 rations
 r - 6 chunks of flesh


   Skills:
 + Level 4.6 Fighting
 * Level 5.2 Maces & Flails
 + Level 3.8 Throwing
 - Level 3.1 Dodging


You had 5 spell levels left.
You didn't know any spells.

Dungeon Overview and Level Annotations

Branches:
Dungeon (3/15)

Altars:


Innate Abilities, Weirdness & Mutations

You are too large for most types of armour.
You have tough skin. (AC +1)


Message History

The giant cockroach bites you but does no damage.
Unknown command.
The jackal barely misses you. The giant cockroach bites you.
* * * LOW HITPOINT WARNING * * *
The orc throws an exploding tomahawk.
The exploding tomahawk hits you but does no damage.
The exploding tomahawk explodes!
The explosion of tomahawk fragments engulfs you!
* * * LOW HITPOINT WARNING * * *
The explosion of tomahawk fragments engulfs the plant.
The explosion of tomahawk fragments engulfs the orc.
You hear a shout!
The jackal pauses to sniff the ground.
You aren't carrying any potions.
Unknown command.
As you read the scroll labeled URUELE CEROC, it crumbles to dust.
The scroll dissolves into smoke.
It was a scroll of fog.
The orc hits you with a falchion.
You die...

P................#
............P....#
≈≈≈≈≈≈≈≈≈≈≈≈≈....#
≈≈≈≈≈≈≈≈≈≈≈≈≈....#
≈≈≈≈≈≈#####≈≈....#
..)...#...#≈≈....#
#######...#≈≈P.§.#
#'###≈≈..§§#
..#.≈≈≈.§§@#
#.≈≈≈.§Po#
#.≈≈≈.§hs#
#.≈≈≈....#
#.≈≈≈o...#
#.≈≈≈....#
#.≈≈≈...[#
#.≈≈≈.†..#
###≈≈P...#


You could see 2 orcs, a jackal (inner flame) and a giant cockroach (inner
flame).

Vanquished Creatures
  Sigmund (D:2)
  An orc wizard (D:3)
  A gnoll shaman (D:3)
  Terence (D:3)
  5 gnolls (D:3)
  3 adders (D:2)
  2 worms (D:2)
  3 dart slugs
  A leopard gecko (D:3)
  6 orcs (D:3)
  5 giant cockroaches
  9 goblins
  8 hobgoblins
  12 jackals (D:3)
  7 kobolds
  2 quokkas
  6 bats
  6 frilled lizards
  10 rats
89 creatures vanquished.

Notes
Turn   | Place    | Note
-------+----------+-------------------------------------------
     0 | D:1      | KristoblXynda the Ogre Gladiator began the quest for the Orb.
     0 | D:1      | Reached XP level 1. HP: 22/22 MP: 1/1
   343 | D:1      | Reached XP level 2. HP: 24/29 MP: 2/2
   396 | D:1      | Reached skill level 3 in Maces & Flails
   827 | D:1      | Reached XP level 3. HP: 30/36 MP: 3/3
  1749 | D:2      | Reached XP level 4. HP: 32/44 MP: 4/4
  1937 | D:2      | Noticed Sigmund
  1953 | D:2      | Killed Sigmund
  1953 | D:2      | Reached skill level 4 in Maces & Flails
  1953 | D:2      | Reached XP level 5. HP: 29/54 MP: 5/5
  2100 | D:2      | Reached XP level 6. HP: 48/62 MP: 6/6
  3152 | D:3      | Noticed Terence
  3175 | D:3      | Killed Terence
  3389 | D:3      | Reached skill level 5 in Maces & Flails
  3510 | D:3      | HP: 3/63 [orc/falchion (2)]
  3515 | D:3      | Slain by an orc

Vault maps used:
D:1:      dpeg_arrival_castle, corexii_corridor_pit, serial_bayou_lagoon_b
D:2:      uniq_sigmund
D:3:      lemuel_castle_with_subvaults, first_ration, serial_bayou_pond_d,
          uniq_terence, uniq_crazy_yiuf_cottage

Skill      XL: |  1  2  3  4  5  6 |
---------------+-------------------+-----
Maces & Flails | 3 4 5 |  5.2
Dodging        | 3 |  3.1
Fighting       | 3 4 |  4.6
Throwing       | 3 |  3.8

Action                   |  1- 3 |  4- 6 || total
-------------------------+-------+-------++-------
Melee: Flail             |   127 |   180 ||   307
Throw: Throwing net      |       |     2 ||     2
  Use: Potion            |       |     3 ||     3
       Scroll            |       |     5 ||     5
 Stab: Sleeping          |       |     1 ||     1
  Eat: Ration            |     1 |       ||     1
       Chunk             |       |     5 ||     5
Armor: Robe              |    44 |    74 ||   118
Dodge: Dodged            |    79 |   137 ||   216

Table legend:
 A = Spawn XP
 B = Non-spawn XP
 C = Spawn XP percentage of total XP
 D = Spawn monster count
 E = Non-spawn monster count
 F = Spawn count percentage of total count
 G = Total turns spent on level
                    A         B        C        D         E        F      G
               +---------+---------+-------+---------+---------+-------+---------
         Total |       0 |     596 |   0.0 |       0 |      89 |   0.0 |  3515
               +---------+---------+-------+---------+---------+-------+---------
           D:1 |       0 |      53 |   0.0 |       0 |      29 |   0.0 |  1553
           D:2 |       0 |     302 |   0.0 |       0 |      26 |   0.0 |  1314
           D:3 |       0 |     241 |   0.0 |       0 |      34 |   0.0 |   648
               +---------+---------+-------+---------+---------+-------+---------
